 Dungeon Crawl Stone Soup version 0.32-a0-473-gd044c6f0f0 (webtiles) character file.

Game seed: 14108913348564835344

34 Sabo the Chopper (level 3, -1/42 HPs)
             Began as a Coglin Gladiator on Feb 25, 2024.
             Frozen to death by an endoplasm (5 damage)
             ... on level 2 of the Dungeon.
             The game lasted 00:06:48 (963 turns).

Sabo the Chopper (Coglin Gladiator)                  Turns: 963, Time: 00:06:48

Health: -1/42      AC: 21    Str: 16    XL:     3   Next: 31%
Magic:  3/3        EV:  2    Int:  7    God:
Gold:   89         SH:  0    Dex: 15    Spells: 2/2 levels left

rFire   . . .        a - +0 war axe {Santos}
rCold   . . .        i - +3 flail {Junzo}
rNeg    . . .        b - melded +0 leather armour
rPois   +            c - melded +0 helmet
rElec   .            (cloak currently unavailable)
rCorr   .            (gloves currently unavailable)
SInv    .            (boots currently unavailable)
Will    .....        (no amulet)
Stlth   +            (no ring)
HPRegen 0.27/turn    (no ring)
MPRegen 0.08/turn

%: no passive effects
@: lethally poisoned (-1 -> -8), tree-form, attractive, revved
A: stationary, stasis, torment immunity, boosted hp, off-hand wielding, slow
wielding, warmup strikes, (no rings)
a: no special abilities


You were on level 2 of the Dungeon.
You were a tree.
You visited 1 branch of the dungeon, and saw 2 of its levels.

You collected 89 gold pieces.

Inventory:

Hand Weapons
 a - a +0 war axe (weapon) {Santos}
 g - a +0 hand axe {Tawil}
 i - a +3 flail (offhand) {Junzo}
 k - a +0 sling
Missiles
 d - 3 throwing nets (quivered)
 e - a javelin
Armour
 b - a +0 leather armour (melded)
 c - a +0 helmet (melded)
 f - a +0 kite shield
Scrolls
 h - 2 scrolls of teleportation
 l - a scroll of revelation {unknown}
 m - a scroll of noise {unknown}


   Skills:
 + Level 2.4 Fighting
 + Level 3.3 Axes
 + Level 1.7 Throwing
 + Level 0.8 Armour
 + Level 3.1 Dodging


You had 2 spell levels left.
You didn't know any spells.
Your spell library contained the following spells:

 Spells                   Type           Power      Damage    Failure   Level
 Foxfire                  Conj/Fire      0%         2x1d4     43%         1
 Plasma Beam              Fire/Air       0%         2x1d10    100%        6
 Starburst                Conj/Fire      0%         6d3       100%        6


Dungeon Overview and Level Annotations

Branches:
Dungeon (2/15)

Altars:

Shops:
D:1 =

Annotations:
D:2 Jessica


Innate Abilities, Weirdness & Mutations

You are a tree.
Your roots penetrate the ground, keeping you stationary.
You cannot be teleported.
You are immune to unholy pain and torment.
Your maximum health is greatly increased.
Your equipment is partially melded.
You can wield a second weapon in your off-hand.
It takes a long time for you to wield or remove held weapons.
Your first few attacks do less damage.
((Your grasper-arms cannot wear rings.))


Message History

The adder barely misses you.
You closely miss the adder with your +0 war axe.
The adder is heavily wounded.
You miss the adder with your +0 war axe.
You hit the adder but do no damage. You miss the adder with your +3 flail.
You feel sick. The adder bites you. The adder closely misses you.
The adder bites you.
You are lethally poisoned!
The adder poisons you! The adder bites you but does no damage.
The adder completely misses you. The adder bites you but does no damage.
You hit the adder with your +3 flail.
You kill the adder!
You barely miss the adder with your +0 war axe.
You hit the endoplasm but do no damage.
You barely miss the adder with your +0 war axe.
You feel very sick.
Jessica the Apprentice Sorceress comes into view.
She is wielding a +0 dagger and wearing a +0 robe of willpower.
The endoplasm misses you. The adder closely misses you. The adder bites you.
* * * LOW HITPOINT WARNING * * *
You are more poisoned.
The adder poisons you! The adder bites you but does no damage.
The hobgoblin closely misses you. The endoplasm closely misses you.
The adder closely misses you.
Jessica moves out of view.
It was a potion of attraction.
You feel attractive to monsters.
* * * LOW HITPOINT WARNING * * *
You feel very sick. The adder barely misses you.
The adder bites you but does no damage.
The hobgoblin hits you but does no damage.
The endoplasm closely misses you.
It was a potion of lignification.
You turn into a tree.
Your +0 helmet melds into your body.
Your +0 leather armour melds into your body.
Your roots penetrate the ground.
* * * LOW HITPOINT WARNING * * *
You feel sick.
The adder bites you but does no damage. x2
The hobgoblin hits you but does no damage.
The endoplasm freezes you.
You are frozen.
You die...

#####. $..
......##### #.#
#........###.##
............## ##
#...........####...
#..................
#..................
##..........S......
#.###.....♣g......
#.# #.....JS......
#.# #.....#.......
#.# #.....#.......
#.# #####.#.......
###.# #.##....## #
#...# #.# ......
#####...# #.#
##.... ........#


You could see 2 adders, an endoplasm and a hobgoblin.

Vanquished Creatures
  An adder (D:2)
  A dart slug (D:1)
  5 ball pythons (D:1)
  2 bats
  2 endoplasms (D:1)
  2 giant cockroaches (D:1)
  A hobgoblin (D:2)
  A frilled lizard (D:1)
  A goblin (D:1)
  4 kobolds (D:1)
  A rat (D:1)
21 creatures vanquished.

Notes
Turn   | Place    | Note
-------+----------+-------------------------------------------
     0 | D:1      | Sabo the Coglin Gladiator began the quest for the Orb.
     0 | D:1      | Reached XP level 1. HP: 16/16 MP: 1/1
   113 | D:1      | Reached XP level 2. HP: 22/22 MP: 2/2
   243 | D:1      | Found Router's Jewellery Shop.
   926 | D:2      | Reached XP level 3. HP: 28/28 MP: 3/3
   961 | D:2      | Noticed Jessica
   963 | D:2      | Frozen to death by an endoplasm

Illustrated notes

Levels and vault maps discovered:
D:1:      dpeg_arrival_tiny_a, layout_loops_corners, serial_shops, shop
D:2:      layout_rooms, uniq_jessica

Skill      XL: |  1  2 |
---------------+-------+-----
Dodging        | 3 |  3.1
Fighting       | |  2.4
Axes           | |  3.3
Throwing       | |  1.7
Armour         | |  0.8

Action                     || total
---------------------------++-------
  Melee: War axe           ||    29
         Club              ||     4
         Hand axe          ||     5
         Flail             ||    19
    Use: Scroll            ||     1
         Potion            ||     2
 Armour: Leather armour    ||    28
         Skin              ||     3
  Dodge: Dodged            ||    35

Table legend: (Time is in decaauts)
 A = Elapsed time spent in this place.
 B = Non-inter-level travel time spent in this place.
 C = Inter-level travel time spent in this place.
 D = Time resting spent in this place.
 E = Time spent auto-exploring this place.
 F = Levels seen in this place.
 G = Mean time per level.
                   A        B        C        D        E       F      G
               +--------+--------+--------+--------+--------+-----+--------+
         Total |    972 |    972 |      0 |     14 |      0 |   2 |  486.0 |
       Dungeon |    972 |    972 |      0 |     14 |      0 |   2 |  486.0 |
               +--------+--------+--------+--------+--------+-----+--------+

Top non-repeatable levels by time:
     D:1: 895 daAuts
     D:2: 76 daAuts
